 Dungeon Crawl Stone Soup version 0.18-a0-1157-g59db91b (webtiles) character file.

217 George the Slasher (level 5, -6/45 HPs)
             Began as a Minotaur Fighter on Jan 23, 2016.
             Killed by divine providence
             ... invoked by an orc priest
              (17 damage)
             ... on level 4 of the Dungeon.
             The game lasted 00:03:59 (1538 turns).

George the Slasher (Minotaur Fighter)               Turns: 1538, Time: 00:04:00

Health: -6/45      AC:  8    Str: 22    XL:     5   Next: 62%
Magic:  4/4        EV:  7    Int:  5    God:
Gold:   89         SH:  9    Dex:  9    Spells: 0 memorised, 4 levels left

rFire  . . .     SeeInvis .     a - +0 long sword
rCold  + . .     Gourm    .     b - +0 scale mail
rNeg   . . .     Faith    .     c - +0 shield
rPois  .         Spirit   .     (helmet restricted)
rElec  .         Dismiss  .     (no cloak)
rCorr  .         Reflect  .     (no gloves)
SustAt .         Harm     .     o - +0 pair of boots
MR     .....     Rnd*Tele +     (no amulet)
Stlth  ..........               p - ring of protection from cold
                                j - ring of teleportation (curse)

@: not resistant to hostile enchantments, extremely unstealthy
A: retaliatory headbutt, horns 2
a: no special abilities


You were on level 4 of the Dungeon.
You were not hungry.

You visited 1 branch of the dungeon, and saw 4 of its levels.

You collected 89 gold pieces.

Inventory:

Hand Weapons
 a - a +0 long sword (weapon)
Armour
 b - a +0 scale mail (worn)
 c - a +0 shield (worn)
 o - a +0 pair of boots (worn)
Jewellery
 j - a cursed ring of teleportation (left hand)
 p - a ring of protection from cold (right hand)
Scrolls
 h - a scroll of identify
 i - 3 scrolls of amnesia {unknown}
 k - 2 scrolls of remove curse {unknown}
 m - a scroll of enchant armour {unknown}
 r - a scroll of immolation {unknown}
 u - 3 scrolls of fear {unknown}
 v - 2 scrolls of enchant weapon {unknown}
 x - a scroll of blinking {unknown}
Potions
 d - a potion of might
 n - 2 potions of heal wounds
 t - a potion of mutation
Comestibles
 f - 2 bread rations
 l - a slice of pizza
 s - 2 fruits


   Skills:
 - Level 3.6 Fighting
 + Level 7.2 Long Blades
 - Level 3.6 Armour
 - Level 3.6 Shields


You had 4 spell levels left.
You didn't know any spells.

Dungeon Overview and Level Annotations

Branches:
Dungeon (4/15)
 Temple: D:4-7

Altars:
Xom


Innate Abilities, Weirdness & Mutations

You reflexively headbutt those who attack you in melee.
You have a pair of horns on your head.


Message History

You closely miss the orc priest.
You headbutt the orc priest, but do no damage.
You block the hound's attack. The orc wizard casts a spell at you.
The magic dart hits you!
The orc priest hits you but does no damage.
You are too injured to fight recklessly!
You are too injured to fight recklessly!
The hound bites you.
* * * LOW HITPOINT WARNING * * *
The hound closely misses you. You furiously retaliate!
You headbutt the hound.
The orc wizard mumbles some strange words.
The orc wizard seems to speed up.
Things that are here:
a falchion; an orc corpse The orc wizard mumbles some strange words.
The orc wizard blinks!
The orc priest mumbles some strange prayers to Beogh against you.
Something smites you!
You die...

#..#####..##
#........... .
##...........
..####............
.....#............
..................
.........o§...####
.......h)†....#
.......@......#
..............#
........o.....#
............!...
..%..........####
.%...##.....##
##### #######


You could see a hound, an orc priest and an orc wizard.

Vanquished Creatures
  An orc wizard (D:3)
  A worker ant (D:3)
  9 adders
  2 oozes
  An adder skeleton (D:4)
  A worm (D:2)
  2 giant geckos (D:3)
  7 orcs
  7 bats
  3 giant cockroaches
  3 goblins
  5 hobgoblins
  6 jackals
  4 giant newts
  10 kobolds
  5 rats
67 creatures vanquished.

Notes
Turn   | Place    | Note
--------------------------------------------------------------
     0 | D:1      | George the Minotaur Fighter began the quest for the Orb.
     0 | D:1      | Reached XP level 1. HP: 19/19 MP: 0/0
    92 | D:1      | Reached XP level 2. HP: 23/26 MP: 1/1
   209 | D:1      | Found a shimmering altar of Xom.
   251 | D:1      | Reached skill level 4 in Long Blades
   643 | D:2      | Reached XP level 3. HP: 31/31 MP: 2/2
   788 | D:2      | You fall through a shaft!
   824 | D:3      | Reached skill level 5 in Long Blades
   833 | D:3      | Reached XP level 4. HP: 21/39 MP: 3/3
  1225 | D:3      | Reached skill level 6 in Long Blades
  1411 | D:3      | Reached XP level 5. HP: 41/45 MP: 4/4
  1484 | D:3      | Reached skill level 7 in Long Blades
  1538 | D:4      | Killed from afar by an orc priest

Vault maps used:
D:1:      mushboom_english_gardens, nrook_mini_vaults, st_stairs_4,
          xom_teletrap_fun
D:4:      first_bread

Action                   |  1- 3 |  4- 6 || total
-------------------------+-------+-------++-------
Melee: Long sword        |   103 |    64 ||   167
  Use: Scroll            |     1 |     2 ||     3
       Potion            |     1 |       ||     1
  Eat: Chunk             |       |     2 ||     2
